 Dungeon Crawl Stone Soup version 0.17.0-24-gcfadda4 (webtiles) character file.

1837 trolloc1 the Basher (level 8, -2/99 HPs)
             Began as a Minotaur Berserker on Nov 17, 2015.
             Was an Elder of Trog.
             Slain by a manticore (6 damage)
             ... on level 6 of the Dungeon.
             The game lasted 00:20:16 (5047 turns).

trolloc1 the Basher (Minotaur Berserker)            Turns: 5047, Time: 00:20:16

Health: -2/99      AC:  9    Str: 27    XL:     8   Next: 87%
Magic:  7/7        EV:  9    Int:  4    God:    Trog [****..]
Gold:   538        SH:  0    Dex: 12    Spells: 0 memorised, 7 levels left

rFire  . . .     SeeInvis .     a - +0 mace
rCold  . . .     Clarity  +     h - +0 chain mail
rNeg   . . .     SustAt   .     (no shield)
rPois  .         Gourm    .     (helmet restricted)
rElec  .         Spirit   .     (no cloak)
rCorr  .         Warding  .     r - +0 pair of gloves
rMut   .         Stasis   .     (no boots)
MR     .....                    b - amulet of clarity
Stlth  ..........               (no ring)
                                (no ring)

@: berserking, manticore barbs, very quick, not resistant to hostile
enchantments, extremely unstealthy
A: retaliatory headbutt, horns 2
a: Berserk, Trog's Hand, Brothers in Arms, Burn Spellbooks, Renounce Religion


You were on level 6 of the Dungeon.
You worshipped Trog.
Trog was greatly pleased with you.
You were not hungry.

You visited 1 branch of the dungeon, and saw 6 of its levels.
You also visited: Ossuary.

You collected 538 gold pieces.

Inventory:

Hand Weapons
 a - a +0 mace (weapon)
Armour
 h - a +0 chain mail (worn)
 r - a +0 pair of gloves (worn)
Jewellery
 b - an amulet of clarity (around neck)
Scrolls
 e - 2 scrolls of amnesia {unknown}
 f - a scroll of enchant armour {unknown}
 g - 2 scrolls of teleportation {unknown}
 i - a scroll of enchant weapon {unknown}
 j - 7 scrolls of remove curse {unknown}
 n - 4 scrolls of identify {unknown}
 s - a scroll of noise {unknown}
 y - a scroll of recharging {unknown}
 C - a scroll of fog {unknown}
Potions
 k - 4 potions of heal wounds {unknown}
 l - a potion of berserk rage {unknown}
 o - a potion of mutation {unknown}
 p - 2 potions of poison {unknown}
 q - a potion of curing {unknown}
 v - 2 potions of brilliance {unknown}
 w - a potion of lignification {unknown}
 x - a potion of flight {unknown}
 z - 2 potions of ambrosia {unknown}
 A - a potion of invisibility {unknown}
Comestibles
 c - 2 bread rations
 d - a slice of pizza
 m - 4 meat rations
 t - 14 chunks of flesh
 u - 11 fruits


   Skills:
 - Level 3.9 Fighting
 + Level 13.5 Maces & Flails
 - Level 2.4 Armour
 - Level 2.3 Dodging


You had 7 spell levels left.
You didn't know any spells.

Dungeon Overview and Level Annotations

Branches:
Dungeon (6/15)             Temple (0/1) D:5

Altars:
Elyvilon
Makhleb
Okawaru
Sif Muna
Jiyva


Innate Abilities, Weirdness & Mutations

You reflexively headbutt those who attack you in melee.
You have a pair of horns on your head.


Message History

You are too injured to fight recklessly!
You are too injured to fight recklessly!
You are too injured to fight recklessly!
You are too injured to fight recklessly!
You are too injured to fight recklessly!
You hit the manticore.
The manticore is lightly wounded.
You hit the manticore. You headbutt the manticore!
The manticore is heavily wounded.
The manticore barely misses you. You furiously retaliate!
You headbutt the manticore!
The manticore claws you but does no damage. x2
You thump the manticore!
The manticore is severely wounded.
You hit the manticore.
The manticore is severely wounded.
The manticore bites you!
* * * LOW HITPOINT WARNING * * *
The manticore closely misses you. The manticore claws you.
You die...

... ...# #..# #
#..# #. ...#
#.####..#
#.H.....#
#..@...#
######.# ####
### #.# #.. ..#
#.####.# #.#
#....#.#####.#
#..........#.##
#......#.......
#......#...#.##
##...#.......#


You could see a manticore.

Vanquished Creatures
  The ghost of Helmschank the Insei, an amateur OpTm (D:3)
  A sky beast (D:5)
  A centaur (D:5)
  2 phantoms
  2 ogres
  Blork the orc (D:4)
  3 scorpions
  A water moccasin skeleton (D:4)
  2 hounds
  4 worker ants (D:4)
  An orc priest (D:5)
  2 jellies (D:5)
  3 orc wizards (D:6)
  A giant frog skeleton (D:5)
  Jessica (D:3)
  A centaur skeleton (D:4)
  2 iguanas
  Natasha (thrice) (D:3)
  A hound skeleton (D:3)
  8 mummies (Ossuary)
  5 adders
  3 gnolls (D:5)
  A shadow imp (D:5)
  4 oozes
  An adder skeleton (D:6)
  5 worms
  10 giant geckos
  21 orcs
  2 ball pythons
  6 bats
  5 giant cockroaches
  2 gnoll zombies (Ossuary)
  8 hobgoblins
  3 jackals (D:1)
  3 quokkas
  6 giant newts
  5 goblins
  2 hobgoblin zombies (Ossuary)
  A jackal zombie (D:4)
  13 kobolds
  2 kobold zombies (Ossuary)
  2 orc zombies (Ossuary)
  8 rats
159 creatures vanquished.

Notes
Turn   | Place    | Note
--------------------------------------------------------------
     0 | D:1      | trolloc1 the Minotaur Berserker began the quest for the Orb.
     0 | D:1      | Reached XP level 1. HP: 19/19 MP: 0/0
    53 | D:1      | Reached XP level 2. HP: 24/27 MP: 1/1
    67 | D:1      | Reached skill level 4 in Maces & Flails
   197 | D:1      | Reached ** piety under Trog
   280 | D:1      | Reached XP level 3. HP: 24/33 MP: 2/2
   309 | D:1      | Reached skill level 5 in Maces & Flails
   643 | D:2      | You fall through a shaft!
   750 | D:3      | Reached XP level 4. HP: 37/40 MP: 3/3
   758 | D:3      | Noticed Helmschank's ghost (amateur OpTm)
   760 | D:3      | Noticed Natasha
   764 | D:3      | Killed Helmschank's ghost
   764 | D:3      | Reached skill level 7 in Maces & Flails
   764 | D:3      | Reached XP level 5. HP: 46/46 MP: 4/4
   765 | D:3      | Killed Natasha
   766 | D:3      | Reached XP level 6. HP: 52/52 MP: 5/5
   770 | D:3      | Reached skill level 8 in Maces & Flails
   800 | D:3      | Noticed Natasha
   809 | D:3      | Killed Natasha
   809 | D:3      | Reached *** piety under Trog
  1384 | D:2      | Found a burning altar of Makhleb.
  1672 | D:3      | Found a white marble altar of Elyvilon.
  1881 | D:3      | Noticed Natasha
  1884 | D:3      | Killed Natasha
  2033 | D:3      | Found a deep blue altar of Sif Muna.
  2033 | D:3      | Found an iron altar of Okawaru.
  2081 | D:3      | Noticed Jessica
  2091 | D:3      | Killed Jessica
  2289 | D:4      | Reached skill level 9 in Maces & Flails
  2356 | D:4      | Reached XP level 7. HP: 55/58 MP: 6/6
  2444 | D:4      | Found a sand-covered staircase.
  2450 | Ossuary  | Entered an ossuary
  2930 | D:4      | Reached skill level 10 in Maces & Flails
  3426 | D:4      | Noticed Blork the orc
  3434 | D:4      | Killed Blork the orc
  3434 | D:4      | Reached skill level 11 in Maces & Flails
  3513 | D:4      | Reached **** piety under Trog
  3539 | D:4      | Reached XP level 8. HP: 63/66 MP: 7/7
  3667 | D:5      | Entered Level 5 of the Dungeon
  3748 | D:5      | Found a staircase to the Ecumenical Temple.
  3772 | D:5      | Found a viscous altar of Jiyva.
  3850 | D:5      | Reached skill level 12 in Maces & Flails
  4522 | D:5      | Reached skill level 13 in Maces & Flails
  5038 | D:6      | Noticed a manticore
  5047 | D:6      | HP: 4/99 [manticore (8)]
  5047 | D:6      | Slain by a manticore

Action                   |  1- 3 |  4- 6 |  7- 9 || total
-------------------------+-------+-------+-------++-------
Melee: Mace              |    89 |    98 |   291 ||   478
Invok: Berserk           |       |     2 |     4 ||     6
       Trog's Hand       |       |       |     1 ||     1
  Eat: Chunk             |       |     6 |    12 ||    18
       Fruit             |       |       |     1 ||     1
